 Dungeon Crawl Stone Soup version 0.29.1-1-gd02db6906a (webtiles) character file.

Game seed: 5854945758400292923

200 pacmanke6689 the Skirmisher (level 6, -9/36 HPs)
             Began as a Kobold Hunter on Sept 30, 2022.
             Killed by divine providence
             ... invoked by an orc priest
              (13 damage)
             ... on level 6 of the Dungeon.
             The game lasted 00:06:06 (2741 turns).

pacmanke6689 the Skirmisher (Kobold Hunter)         Turns: 2741, Time: 00:06:06

Health: -9/36      AC:  0    Str: 14    XL:     6   Next: 6%
Magic:  6/6        EV: 15    Int: 10    God:
Gold:   70         SH:  0    Dex: 21    Spells: 5/5 levels left

rFire   . . .      SeeInvis .   j - +0 short sword
rCold   . . .      Faith    .   (no shield)
rNeg    . . .      Spirit   .   c - +1 leather armour
rPois   .          Reflect  .   (helmet restricted)
rElec   .          Harm     .   (no cloak)
rCorr   .          Rampage  .   (no gloves)
Will    .....                   (no boots)
Stlth   +++.......              (no amulet)
HPRegen 0.12/turn               h - +6 ring of strength
MPRegen 0.10/turn               (no ring)

@: corroded
A: small, no large weapons, nightstalker 3, hooves 1, horns 1, no potion heal 1
a: no special abilities


You were on level 6 of the Dungeon.
You visited 1 branch of the dungeon, and saw 4 of its levels.

You collected 70 gold pieces.

Inventory:

Hand Weapons
 a - a +0 shortbow of flaming
 j - a +0 short sword (weapon)
Armour
 c - a +1 leather armour (worn)
Jewellery
 h - a +6 ring of strength (left hand)
 k - a ring of wizardry
Scrolls
 b - a scroll of immolation
 d - a scroll of identify {unknown}
 m - a scroll of poison {unknown}
Potions
 e - 2 potions of magic
 g - a potion of haste
 l - a potion of cancellation


   Skills:
 + Level 2.5 Fighting
 + Level 0.1 Short Blades
 + Level 8.3 Ranged Weapons
 + Level 1.2 Armour
 + Level 2.8 Dodging
 + Level 1.4 Stealth


You had 5 spell levels left.
You didn't know any spells.
Your spell library contained the following spells:

 Spells                   Type           Power      Damage    Failure   Level
 Blade Hands              Tmut           0%         N/A       100%        5
 Irradiate                Conj/Tmut      0%         3d11      100%        5
 Dragon Form              Tmut           0%         N/A       100%        7


Dungeon Overview and Level Annotations

Branches:
Dungeon (3/15)

Altars:

Annotations:
D:3 1 runed translucent door


Innate Abilities, Weirdness & Mutations

You are small and have problems with some larger weapons.
You are completely attuned to the shadows.
You have large cloven feet.
You have a pair of small horns on your head.
Potions are less effective at restoring your health.


Message History

Pain shoots through your body!
You hit the orc. Your kick misses the orc. Your headbutt misses the orc.
The orc is lightly wounded.
The orc completely misses you. The orc priest barely misses you.
You hit the orc but do no damage. Your kick misses the orc.
The orc is lightly wounded.
The orc barely misses you. The orc priest hits you with a +0 club.
You hit the orc but do no damage. You kick the orc, but do no damage.
You headbutt the orc.
You kill the orc!
The orc priest closely misses you.
You barely miss the orc. The orc misses you. The orc priest closely misses you.
You hit the orc but do no damage. You headbutt the orc.
The orc is heavily wounded.
The orc misses you.
The orc priest mumbles some strange prayers to Beogh against you.
Pain shoots through your body!
You hit the orc. You headbutt the orc.
You kill the orc!
The orc priest completely misses you.
You hit the jelly.
Your hands burn!
You kick the jelly.
The jelly is heavily wounded.
The orc priest hits you but does no damage.
The jelly closely misses you.
You hit the jelly. The acid corrodes you!
Your hands burn!
You kick the jelly, but do no damage.
You headbutt the jelly, but do no damage.
The jelly is heavily wounded.
The orc priest calls down the wrath of Beogh upon you.
Pain shoots through your body! The jelly barely misses you.
The orc priest closely misses you. The jelly hits you.
You are splashed with acid!
* * * LOW HITPOINT WARNING * * *
You hit the jelly but do no damage.
Your hands burn!
* * * LOW HITPOINT WARNING * * *
You headbutt the jelly. You punch the jelly.
The jelly is almost dead.
The orc priest calls down the wrath of Beogh upon you.
Beogh smites you!
You die...

####.####
......... #.....#
#....#####
#...)@J..#
##†#.#o...
#.#.#...#
#.#......
#.####### ####
#..... ..# #.####
#.# #.# #.#
#.#####.#####.###


You could see a jelly and an orc priest.

Vanquished Creatures
  An orc wizard (D:3)
  4 gnolls
  4 adders
  A white imp (D:6)
  3 worms
  2 dart slugs (D:2)
  5 orcs
  3 ball pythons
  7 bats
  10 endoplasms
  4 giant cockroaches
  5 goblins
  5 hobgoblins
  4 kobolds
  4 quokkas
  2 frilled lizards
  9 rats
73 creatures vanquished.

Notes
Turn   | Place    | Note
-------+----------+-------------------------------------------
     0 | D:1      | pacmanke6689 the Kobold Hunter began the quest for the Orb.
     0 | D:1      | Reached XP level 1. HP: 12/12 MP: 1/1
   165 | D:1      | Reached XP level 2. HP: 17/17 MP: 2/2
   178 | D:1      | Reached skill level 6 in Ranged Weapons
   402 | D:1      | Reached XP level 3. HP: 21/21 MP: 3/3
  1135 | D:2      | Reached XP level 4. HP: 26/26 MP: 4/4
  1214 | D:2      | Reached skill level 7 in Ranged Weapons
  1573 | D:2      | Reached XP level 5. HP: 31/31 MP: 5/5
  1873 | D:3      | Reached skill level 1 in Armour
  2048 | D:3      | Reached skill level 8 in Ranged Weapons
  2083 | D:3      | Gained mutation: You have a pair of small horns on your
                  | head. [potion of mutation]
  2083 | D:3      | Gained mutation: Potions are less effective at restoring
                  | your health. [potion of mutation]
  2083 | D:3      | Gained mutation: You have large cloven feet. [potion of
                  | mutation]
  2085 | D:3      | HP: 1/31 [something (3)]
  2542 | D:3      | Found a runed translucent door.
  2567 | D:3      | You fall into a shaft and drop 3 floors!
  2663 | D:6      | Reached XP level 6. HP: 29/36 MP: 6/6
  2741 | D:6      | Killed from afar by an orc priest

Illustrated notes

Levels and vault maps discovered:
D:1:      heliophobic_arrival_battle_scene, layout_rooms,
          chequers_serial_rivers_small_3
D:2:      minmay_angry_zag, layout_loops_ring
D:3:      layout_loops_ring, ebering_ghost_sewer_f, roderic_serpentine_path,
          minmay_misc_feat_rugged, kennysheep_generic_room_16
D:6:      kennysheep_steamy, layout_loops_corners, minivault_19, glass_columns_a

Skill      XL: |  1  2  3  4  5 |
---------------+----------------+-----
Ranged Weapons | 6 7 8 |  8.3
Armour         | 1 |  1.2
Fighting       | |  2.5
Short Blades   | |  0.1
Dodging        | |  2.8
Stealth        | |  1.4

Action                   |  1- 3 |  4- 6 || total
-------------------------+-------+-------++-------
Melee: Short sword       |       |    28 ||    28
       Headbutt          |       |     8 ||     8
       Kick              |       |     7 ||     7
       Punch             |       |     1 ||     1
 Fire: Shortbow          |    98 |    82 ||   180
  Use: Scroll            |     2 |       ||     2
       Potion            |       |     5 ||     5
 Stab: Sleeping          |       |     3 ||     3
Armor: Leather armour    |    18 |    21 ||    39
Dodge: Dodged            |    58 |    46 ||   104
